 Dungeon Crawl Stone Soup version 0.23.2-1-ga50397a (webtiles) character file.

Game seed: 8667566552760840319

1683 IBeShadow the Charmwright (level 9, -8/103 HPs)
             Began as a Gnoll Skald on May 28, 2019.
             Was an Initiate of Cheibriados.
             Killed from afar by a deep elf mage (29 damage)
             ... with a bolt of lightning
             ... on level 6 of the Dungeon.
             The game lasted 00:10:32 (6965 turns).

IBeShadow the Charmwright (Gnoll Skald)             Turns: 6965, Time: 00:10:32

Health: -8/103     AC: 24    Str: 22    XL:     9   Next: 2%
Magic:  14/18      EV:  2    Int: 16    God:    Cheibriados [......]
Gold:   248        SH:  0    Dex: 21    Spells: 12/20 levels left

rFire    + . .     SeeInvis .   B - +0 quarterstaff
rCold    . . .     Gourm    .   (shield currently unavailable)
rNeg     + + +     Faith    .   (armour currently unavailable)
rPois    +         Spirit   .   (helmet currently unavailable)
rElec    .         Reflect  .   (cloak currently unavailable)
rCorr    .         Harm     .   (gloves currently unavailable)
MR       .....     NoTele   +   (boots currently unavailable)
Stlth    ++++......             (no amulet)
HPRegen  1.27/turn              u - +4 ring of strength
MPRegen  0.16/turn              C - ring of protection from fire

@: agile, tree-form, shrouded (expiring), regenerating, very slow
A: distributed training, strong nose
a: Bend Time, Renounce Religion


You were on level 6 of the Dungeon.
You worshipped Cheibriados.
Cheibriados was noncommittal.
You were hungry.
You were a tree.
You visited 2 branches of the dungeon, and saw 7 of its levels.

You collected 248 gold pieces.

Inventory:

Hand Weapons
 a - a +0 spear
 B - a +0 quarterstaff (weapon)
 E - a +0 shortbow
 G - a +0 morningstar
Missiles
 k - 48 sling bullets
 F - 50 arrows
Armour
 b - a +0 leather armour (melded)
 i - a +0 pair of gloves (melded)
 y - a +0 pair of boots (melded)
Jewellery
 u - a +4 ring of strength (left branch)
 v - an uncursed ring of stealth
 C - a ring of protection from fire (right branch)
Wands
 s - a wand of polymorph (7)
Scrolls
 e - 9 scrolls of identify {unknown}
 f - 2 scrolls of fog {unknown}
 g - 4 scrolls of teleportation {unknown}
 l - 2 scrolls of immolation {unknown}
 m - 2 scrolls of magic mapping {unknown}
 n - a scroll of fear {unknown}
 p - 3 scrolls of remove curse {unknown}
 t - 2 scrolls of amnesia {unknown}
 x - 2 scrolls of enchant armour {unknown}
 A - a scroll of enchant weapon {unknown}
 H - a scroll of random uselessness {unknown}
Potions
 c - 3 potions of agility
 h - 3 potions of lignification
 j - 2 potions of degeneration {unknown}
 o - a potion of magic {unknown}
 q - a potion of flight {unknown}
 r - 2 potions of curing
 w - a potion of resistance {unknown}
 z - 2 potions of mutation {unknown}
 D - a potion of ambrosia {unknown}
Comestibles
 d - 4 rations


   Skills:
 + Level 6.0 Fighting
 + Level 3.7 Short Blades
 + Level 3.7 Long Blades
 + Level 3.7 Axes
 + Level 3.7 Maces & Flails
 + Level 6.0 Polearms
 + Level 3.7 Staves
 + Level 3.7 Slings
 + Level 3.7 Bows
 + Level 3.7 Crossbows
 + Level 3.7 Throwing
 + Level 4.5 Armour
 + Level 6.0 Dodging
 + Level 3.7 Stealth
 + Level 3.7 Shields
 + Level 3.7 Unarmed Combat
 + Level 6.3 Spellcasting
 + Level 3.0 Conjurations
 + Level 3.0 Hexes
 + Level 6.3 Charms
 + Level 3.0 Summonings
 + Level 3.0 Necromancy
 + Level 3.0 Translocations
 + Level 3.0 Transmutations
 + Level 3.0 Fire Magic
 + Level 3.0 Ice Magic
 + Level 3.0 Air Magic
 + Level 3.0 Earth Magic
 + Level 3.0 Poison Magic
 + Level 4.1 Invocations
 + Level 3.7 Evocations


You had 12 spell levels left.
You knew the following spells:

 Your Spells              Type           Power        Failure   Level  Hunger
a - Infusion              Chrm           ####         1%          1    None
b - Song of Slaying       Chrm           ####....     1%          2    None
c - Shroud of Golubria    Chrm/Tloc      ###.......   3%          2    None
d - Regeneration          Chrm/Necr      ###.......   6%          3    ##.....

Your spell library contained the following spells:

 Spells                   Type           Power        Failure   Level  Hunger
 Magic Dart               Conj           ##..         3%          1    None
 Blink                    Tloc           N/A          6%          2    None
 Call Imp                 Summ           ##......     6%          2    None
 Slow                     Hex            ##......     6%          2    None
 Spectral Weapon          Hex/Chrm       ###.....     6%          3    ##.....
 Conjure Flame            Conj/Fire      ##......     12%         3    ##.....
 Mephitic Cloud           Conj/Pois/Air  ##......     12%         3    ##.....


Dungeon Overview and Level Annotations

Branches:
Dungeon (6/15)             Temple (1/1) D:5

Altars:
Ashenzari
Cheibriados
Dithmenos
Elyvilon
Fedhas
Gozag
Hepliaklqana
Kikubaaqudgha
Makhleb
Nemelex Xobeh
Okawaru
Ru
Sif Muna
Uskayaw
Xom
Yredelemnul
Zin
The Shining One


Innate Abilities, Weirdness & Mutations

Your experience applies equally to all skills.
((You have very sharp teeth.))
Your uncanny sense of smell can sniff out nearby items.


Message History

It was a potion of agility.
You feel agile all of a sudden.
The deep elf mage hits you but does no damage.
It was a potion of curing.
You feel better.
The deep elf mage hits you but does no damage.
You closely miss the deep elf mage.
Your shroud begins to fray at the edges.
The deep elf mage hits you but does no damage.
Casting: Shroud of Golubria (safe; 3% risk of failure)
Confirm with . or Enter, or press ? or * to list all spells.
Your skin crawls.
You hit the deep elf mage but do no damage.
The deep elf mage hits you but does no damage.
You miss the deep elf mage.
The deep elf mage hits you but does no damage.
You sock the deep elf mage!
The deep elf mage is moderately wounded.
The deep elf mage gestures at you while chanting.
The bolt of lightning hits you!!
You die...

##..........####...#
#...#####.....#...#
##.#.# #.###.....#
#..#.#####.# ###....
#######.##.#.....#
#####
#...............## #
#.###########..###
#.# +8..'..#....#
#.# +..e♣..#..#.###
##### #.#
+$..'..#......#
#....
#.#..#+++#..#..###.#
#....
#.#..#...#..#..#
#.###....
#.#..#...#..#..#
#........
#.#..#...#..#..#
####.....
#.#..#...#..#..#
##....
#.#..#...#..#..#
#....
#.#..8...8..#..#
#....


You could see a deep elf mage.

Vanquished Creatures
  Grinder (D:6)
  Sigmund (D:3)
  Eustachio (D:4)
  An ice beast (D:5)
  2 ogres
  2 centaurs (D:6)
  A bullfrog (D:6)
  A howler monkey (D:5)
  A crimson imp (D:4)
  3 hounds
  3 orc wizards
  2 orc priests
  2 jellies (D:3)
  Jessica (D:3)
  2 iguanas
  A worker ant (D:5)
  7 adders
  10 oozes
  3 worms
  A dart slug (D:2)
  2 leopard geckos
  17 orcs
  17 bats
  4 giant cockroaches
  9 goblins
  8 hobgoblins
  5 jackals
  13 kobolds
  3 quokkas
  3 ball pythons
  7 frilled lizards
  A quokka skeleton (D:6)
  4 rats
139 creatures vanquished.

Vanquished Creatures (others)
  An orc wizard (D:6)
  3 fungi (D:3)
  7 toadstools (D:3)
11 creatures vanquished.

Grand Total: 150 creatures vanquished

Notes
Turn   | Place    | Note
-------+----------+-------------------------------------------
     0 | D:1      | IBeShadow the Gnoll Skald began the quest for the Orb.
     0 | D:1      | Reached XP level 1. HP: 20/20 MP: 6/6
    90 | D:1      | Reached XP level 2. HP: 21/26 MP: 7/7
   334 | D:1      | Reached XP level 3. HP: 31/31 MP: 6/9
   340 | D:1      | Reached skill level 5 in Spellcasting
   729 | D:2      | Reached skill level 1 in Invocations
   853 | D:2      | Reached skill level 1 in Short Blades
   853 | D:2      | Reached skill level 1 in Long Blades
   853 | D:2      | Reached skill level 1 in Axes
   853 | D:2      | Reached skill level 1 in Maces & Flails
   853 | D:2      | Reached skill level 1 in Staves
   853 | D:2      | Reached skill level 1 in Slings
   853 | D:2      | Reached skill level 1 in Bows
   853 | D:2      | Reached skill level 1 in Crossbows
   853 | D:2      | Reached skill level 1 in Throwing
   853 | D:2      | Reached skill level 1 in Stealth
   853 | D:2      | Reached skill level 1 in Shields
   853 | D:2      | Reached skill level 1 in Unarmed Combat
   853 | D:2      | Reached skill level 1 in Evocations
  1135 | D:2      | Reached XP level 4. HP: 35/38 MP: 11/11
  1457 | D:3      | Noticed Jessica
  1463 | D:3      | Killed Jessica
  1463 | D:3      | Reached skill level 1 in Conjurations
  1463 | D:3      | Reached skill level 1 in Hexes
  1463 | D:3      | Reached skill level 1 in Summonings
  1463 | D:3      | Reached skill level 1 in Necromancy
  1463 | D:3      | Reached skill level 1 in Translocations
  1463 | D:3      | Reached skill level 1 in Transmutations
  1463 | D:3      | Reached skill level 1 in Fire Magic
  1463 | D:3      | Reached skill level 1 in Ice Magic
  1463 | D:3      | Reached skill level 1 in Air Magic
  1463 | D:3      | Reached skill level 1 in Earth Magic
  1463 | D:3      | Reached skill level 1 in Poison Magic
  1652 | D:3      | Reached XP level 5. HP: 43/43 MP: 12/12
  2228 | D:3      | Found an opulent altar of Gozag.
  2240 | D:3      | Noticed Sigmund
  2249 | D:3      | Learned a level 2 spell: Song of Slaying
  2252 | D:3      | Learned a level 2 spell: Shroud of Golubria
  2257 | D:3      | Learned a level 3 spell: Regeneration
  2279 | D:3      | Killed Sigmund
  2279 | D:3      | Reached skill level 5 in Fighting
  2279 | D:3      | Reached skill level 5 in Polearms
  2279 | D:3      | Reached skill level 5 in Dodging
  2279 | D:3      | Reached XP level 6. HP: 43/51 MP: 0/14
  3160 | D:3      | Reached XP level 7. HP: 53/56 MP: 9/15
  4064 | D:4      | Found a hazy altar of Hepliaklqana.
  4253 | D:4      | Noticed Eustachio
  4277 | D:4      | Killed Eustachio
  4480 | D:4      | Found a deep blue altar of Sif Muna.
  4512 | D:5      | Entered Level 5 of the Dungeon
  4611 | D:5      | Reached XP level 8. HP: 57/63 MP: 3/16
  4774 | D:5      | Found a staircase to the Ecumenical Temple.
  4913 | Temple   | Entered the Ecumenical Temple
  5148 | Temple   | Became a worshipper of Cheibriados the Contemplative
  6013 | D:6      | Noticed Grinder
  6040 | D:6      | Paralysed by Grinder for 4 turns
  6052 | D:6      | Paralysed by Grinder for 4 turns
  6063 | D:6      | Killed Grinder
  6667 | D:6      | Reached XP level 9. HP: 44/69 MP: 18/18
  6953 | D:6      | Noticed a deep elf mage
  6965 | D:6      | Killed from afar by a deep elf mage

Skill      XL: |  1  2  3  4  5  6  7  8 |
---------------+-------------------------+-----
Spellcasting   | 5 6 |  6.3
Invocations    | 1 2 3 4 |  4.1
Short Blades   | 1 2 3 |  3.7
Long Blades    | 1 2 3 |  3.7
Axes           | 1 2 3 |  3.7
Maces & Flails | 1 2 3 |  3.7
Staves         | 1 2 3 |  3.7
Slings         | 1 2 3 |  3.7
Bows           | 1 2 3 |  3.7
Crossbows      | 1 2 3 |  3.7
Throwing       | 1 2 3 |  3.7
Stealth        | 1 2 3 |  3.7
Shields        | 1 2 3 |  3.7
Unarmed Combat | 1 2 3 |  3.7
Evocations     | 1 2 3 |  3.7
Conjurations   | 1 2 3 |  3.0
Hexes          | 1 2 3 |  3.0
Summonings     | 1 2 3 |  3.0
Necromancy     | 1 2 3 |  3.0
Translocations | 1 2 3 |  3.0
Transmutations | 1 2 3 |  3.0
Fire Magic     | 1 2 3 |  3.0
Ice Magic      | 1 2 3 |  3.0
Air Magic      | 1 2 3 |  3.0
Earth Magic    | 1 2 3 |  3.0
Poison Magic   | 1 2 3 |  3.0
Armour         | 3 4 |  4.5
Fighting       | 5 6 |  6.0
Polearms       | 5 6 |  6.0
Dodging        | 5 6 |  6.0
Charms         | 6 |  6.3

Action                   |  1- 3 |  4- 6 |  7- 9 || total
-------------------------+-------+-------+-------++-------
Melee: Spear             |   125 |   210 |   140 ||   475
       Bite              |    11 |    19 |    40 ||    70
       Punch             |       |     3 |     3 ||     6
       Quarterstaff      |       |       |   116 ||   116
 Cast: Infusion          |     2 |     6 |     8 ||    16
       Shroud of Golubri |       |     3 |    15 ||    18
       Regeneration      |       |     1 |     8 ||     9
Invok: Bend Time         |       |       |     1 ||     1
  Use: Potion            |       |       |     3 ||     3
 Stab: Distracted        |     1 |       |     1 ||     2
       Sleeping          |     1 |     4 |     5 ||    10
  Eat: Chunk             |       |     6 |     8 ||    14
       Ration            |       |       |     2 ||     2
Armor: Leather armour    |    23 |    43 |    51 ||   117
       Skin              |       |       |     5 ||     5
Dodge: Dodged            |    48 |   155 |   190 ||   393
